 Dungeon Crawl Stone Soup version 0.21-a0-471-gd587bd5 (webtiles) character file.

114451 Laiders the Bludgeoner (level 16, -12/151 HPs)
             Began as a Minotaur Berserker on Nov 22, 2017.
             Was a High Priest of Trog.
             Mangled by an entropy weaver (16 damage)
             ... on level 3 of the Spider Nest.
             The game lasted 01:14:47 (24635 turns).

Laiders the Bludgeoner (Minotaur Berserker)        Turns: 24635, Time: 01:14:48

Health: -12/151    AC:  3    Str: 29    XL:     16   Next: 16%
Magic:  22/22      EV: 25    Int: 10    God:    Trog [*****.]
Gold:   1634       SH:  0    Dex: 14    Spells: 15/15 levels left

rFire    + . .     SeeInvis +   t - +8 dire flail of Midwinter {vamp, MR+ Int+4}
rCold    . . .     Gourm    .   (shield currently unavailable)
rNeg     + . .     Faith    .   i - +2 scale mail {rF+}
rPois    +         Spirit   .   K - +2 hat {SInv}
rElec    +         Reflect  .   r - +2 cloak
rCorr    .         Harm     .   V - +0 pair of fencer's gloves {+Riposte Dex+3}
MR       ++++.                  x - +2 pair of boots
Stlth    ..........             B - amulet of the Air {Inacc +Fly rElec EV+5 RMsl}
HPRegen  1.35/turn              H - ring of Fumeriant {rN+ Str+3}
MPRegen  0.18/turn              o - ring of poison resistance

@: confused, corroded, berserk cooldown, regenerating, slowed, repel missiles,
very slow
A: retaliatory headbutt, horns 2
a: Berserk, Trog's Hand, Brothers in Arms, Burn Spellbooks, Renounce Religion,
Evoke Flight


You were on level 3 of the Spider Nest.
You worshipped Trog.
Trog was extremely pleased with you.
You were hungry.

You visited 3 branches of the dungeon, and saw 24 of its levels.
You also visited: Sewer and Ossuary.

You collected 1820 gold pieces.
You spent 186 gold pieces at shops.

Inventory:

Hand Weapons
 t - the +8 dire flail of Midwinter (weapon) {vamp, MR+ Int+4}
   (Trog gifted it to you on level 10 of the Dungeon)

   It inflicts no extra harm, but heals its wielder when it wounds a living foe.
   It affects your intelligence (+4).
   It affects your resistance to hostile enchantments.
Armour
 i - a +2 scale mail of fire resistance (worn)
 r - a +2 cloak (worn)
 x - a +2 pair of boots (worn)
 K - a +2 hat of see invisible (worn)
 V - the +0 pair of fencer's gloves (worn) {+Riposte Dex+3}
   (You acquired it on level 2 of the Lair of Beasts)

   It affects your dexterity (+3).
Jewellery
 o - a ring of poison resistance (right hand)
 B - the amulet of the Air (around neck) {Inacc +Fly rElec EV+5 RMsl}
   (You found it on level 10 of the Dungeon)

   [amulet of inaccuracy]

   It reduces the accuracy of all your attacks.
   It affects your evasion (+5).
   It insulates you from electricity.
   It lets you fly.
   It protects you from missiles.
 G - the ring of the Circus Animal {MR+++ Int+3 Dex-2 Stlth-}
   (You found it on level 1 of the Spider Nest)

   [ring of dexterity]

   It affects your intelligence (+3).
   It affects your dexterity (-2).
   It affects your resistance to hostile enchantments.
   It makes you less stealthy.
 H - the ring of Fumeriant (left hand) {rN+ Str+3}
   (You found it on level 12 of the Dungeon)

   [ring of positive energy]

   It affects your strength (+3).
   It protects you from negative energy.
 N - an uncursed ring of protection from fire
 Q - the ring of Irphaec {Int+5 Dex+4}
   (You took it off a tengu warrior on level 10 of the Dungeon)

   [ring of intelligence]

   It affects your intelligence (+5).
   It affects your dexterity (+4).
Wands
 p - a wand of polymorph (27)
 u - a wand of enslavement (32)
 I - a wand of random effects (47)
 M - a wand of paralysis (37)
 T - a wand of scattershot (10)
Scrolls
 a - 2 scrolls of magic mapping
 d - 6 scrolls of fog
 g - a scroll of enchant armour
 h - 13 scrolls of remove curse
 k - a scroll of summoning
 m - 6 scrolls of immolation
 w - 3 scrolls of blinking
 y - 16 scrolls of teleportation
 C - 3 scrolls of fear
 J - 2 scrolls of enchant weapon
 P - 8 scrolls of identify
 U - a scroll of silence
Potions
 b - 5 potions of might
 e - 11 potions of curing
 f - 4 potions of resistance
 j - a potion of berserk rage
 n - 5 potions of heal wounds
 q - 6 potions of haste
 s - 3 potions of agility
 z - 5 potions of flight
 D - 2 potions of magic
 E - 2 potions of mutation
 R - a potion of cancellation
 S - a potion of invisibility
Miscellaneous
 A - a sack of spiders
 F - a lamp of fire
 O - a box of beasts
 W - a phantom mirror
Comestibles
 c - 16 bread rations
 l - 14 meat rations
 v - 8 royal jellies
 L - 16 fruits


   Skills:
 - Level 16.0 Fighting
 - Level 16.0 Maces & Flails
 + Level 15.8 Armour
 + Level 15.1 Dodging
 - Level 10.0 Evocations


You had 15 spell levels left.
You didn't know any spells.

Dungeon Overview and Level Annotations

Branches:
Dungeon (15/15)            Temple (0/1) D:4            Lair (6/6) D:10
 Shoals (0/4) Lair:3       Spider (3/4) Lair:4        Slime (0/5) Lair:5
    Orc (0/2) D:9          Depths (0/5) D:15
 Vaults: D:13-14

Altars:
Dithmenos
Gozag
Nemelex Xobeh
Okawaru
Qazlal
Trog
Vehumet
Xom
Zin
Beogh

Shops:
D:4 }   D:14 (   D:15 ?


Innate Abilities, Weirdness & Mutations

You reflexively headbutt those who attack you in melee.
You have a pair of horns on your head.


Message History

You feel much better. The tarantella completely misses you.
The entropy weaver misses you. x2; The entropy weaver hits you!
* * * LOW HITPOINT WARNING * * *
The entropy weaver misses you.
The jumping spider leaps!
The tarantella closely misses you. The entropy weaver hits you.
* * * LOW HITPOINT WARNING * * *
The entropy weaver hits you.
* * * LOW HITPOINT WARNING * * *
The entropy weaver hits you!
* * * LOW HITPOINT WARNING * * *
The entropy weaver completely misses you.
The jumping spider leaps!
You feel much better. The tarantella misses you. The entropy weaver hits you!
* * * LOW HITPOINT WARNING * * *
The entropy weaver completely misses you.
The entropy weaver hits you!
* * * LOW HITPOINT WARNING * * *
The entropy weaver misses you. The tarantella completely misses you.
The entropy weaver hits you!
You die...

#^..#..###....##########....^..
#......#####.....# ##..##..
###..#..# #^#..## #.####.
#....#..######...# ### ##.
#..#.#....#....### #..
#.^###.#..##.§### ##.. ##.#
####.##....# #... ###
###§...### #### #..##@..#
#...#as.## #..####.†^# ....
...## ..# ..#.. ## ... #.. ###.
..# .. ... .. ...#


You could see an entropy weaver and a tarantella.

Vanquished Creatures
  Arachne (Spider:2)
  Gastronok (D:8)
  Aizul (Spider:1)
  A ghost moth (Spider:3)
  The ghost of Laiders the Bludgeoner, a journeyman MiBe of Trog (D:13)
  3 entropy weavers (Spider:1)
  A spark wasp (Spider:1)
  Snorg (Lair:5)
  An ogre mage (D:10)
  A yaktaur captain (D:15)
  6 hydras
  Erica (Lair:2)
  4 centaur warriors
  3 death yaks (Lair:6)
  7 two-headed ogres
  2 tengu warriors
  Nergalle (Lair:1)
  An unseen horror (D:12)
  Pikel (D:7)
  4 lindwurms (Lair:2)
  An orc knight (D:15)
  13 wolf spiders
  9 orb spiders
  8 ugly things
  3 deep elf magi
  9 elephants
  An oklob plant (Lair:3)
  2 manticores
  A moth of wrath (Spider:2)
  A centaur skeleton (D:15)
  A gargoyle (D:15)
  The ghost of kae the Ruffian, a novice DrTm (D:4)
  2 black mambas
  4 rime drakes
  Psyche (D:9)
  7 spiny frogs
  2 torpor snails
  A yaktaur (D:15)
  A komodo dragon (shapeshifter) (D:10)
  A redback zombie (D:15)
  2 kobold demonologists
  7 komodo dragons
  6 demonic crawlers
  2 freezing wraiths (D:15)
  23 jumping spiders
  7 trolls
  Grinder (D:3)
  3 polar bears
  10 hornets
  16 hippogriffs
  A harpy skeleton (D:15)
  10 dream sheep
  25 blink frogs
  A wraith (D:13)
  Sigmund (D:3)
  42 redbacks
  A vampire (D:12)
  A shadow (D:15)
  9 tarantellas
  3 wyverns
  16 spriggans (Lair:6)
  A human (D:7)
  2 fire bats (Lair:6)
  28 yaks
  4 hungry ghosts
  Eustachio (D:4)
  A fire elemental (Lair:6)
  4 hogs (D:7)
  2 basilisks
  An acid dragon (D:15)
  17 porcupines
  11 water moccasins
  6 black bears (Lair:6)
  2 sky beasts
  3 phantoms
  4 ice beasts
  6 orc warriors
  6 ogres
  2 boggarts (Lair:6)
  2 necrophages
  22 wolves
  12 centaurs
  22 crocodiles
  A big kobold (D:7)
  Blork the orc (D:4)
  8 bullfrogs
  2 wyvern zombies (Ossuary)
  2 scorpions
  11 killer bees
  8 wights
  A howler monkey (D:5)
  An electric eel (Lair:6)
  5 centaur zombies
  8 crimson imps
  A lava snake (Lair:6)
  4 bullfrog zombies
  4 hounds
  Crazy Yiuf (D:2)
  3 bullfrog skeletons
  15 orc priests
  5 jellies
  12 orc wizards
  A gnoll shaman (D:8)
  Terence (D:2)
  2 iguanas
  17 worker ants
  A hound zombie (Ossuary)
  2 hound skeletons
  3 howler monkey zombies
  19 mummies (Ossuary)
  6 worker ant zombies
  Robin (D:3)
  3 gnolls (D:8)
  14 adders
  3 shadow imps
  An ooze (D:5)
  5 adder zombies
  An adder skeleton (D:4)
  5 worms
  4 dart slugs
  2 leopard geckos
  51 orcs
  8 giant cockroaches
  13 goblins
  14 hobgoblins
  7 jackals
  10 kobolds
  4 quokkas
  2 ball pythons
  A ball python zombie (Ossuary)
  11 bats
  5 frilled lizards
  2 giant cockroach zombies (Ossuary)
  2 quokka zombies
  6 rats
  A bush (Lair:3)
  2 fungi (D:2)
  2 plants (Lair:6)
782 creatures vanquished.

Vanquished Creatures (collateral kills)
  The ghost of Soeti the Fencer, a journeyman DsMo of Cheibriados (Spider:1)
  A two-headed ogre (D:8)
  A centaur warrior (D:10)
  2 death yaks (Lair:6)
  An oklob plant (Lair:5)
  5 wolf spiders
  An ugly thing (D:14)
  Joseph (D:8)
  A demonic crawler (Spider:2)
  A hornet (D:12)
  A meliai zombie (D:14)
  A redback (Spider:1)
  A tarantella (Spider:1)
  An acid dragon (D:10)
  A centaur (D:8)
  A bullfrog (D:10)
  9 killer bees
  A quasit (D:8)
  2 orc priests (D:7)
  A kobold (D:7)
34 creatures vanquished.

Vanquished Creatures (others)
  An ugly thing (D:15)
  A jumping spider (Spider:1)
  A water elemental (D:14)
  A slave (D:7)
  A boggart (Lair:6)
  2 electric eels (D:14)
  A centaur skeleton (D:7)
  2 kobolds (D:7)
  5 fungi
  A plant (Lair:1)
  A withered plant (Ossuary)
17 creatures vanquished.

Grand Total: 833 creatures vanquished

Notes
Turn   | Place    | Note
-------+----------+-------------------------------------------
     0 | D:1      | Laiders the Minotaur Berserker began the quest for the Orb.
     0 | D:1      | Reached XP level 1. HP: 19/19 MP: 0/0
    41 | D:1      | Reached XP level 2. HP: 14/26 MP: 1/1
   404 | D:1      | Reached skill level 5 in Maces & Flails
   579 | D:1      | Reached ** piety under Trog
   590 | D:1      | Reached XP level 3. HP: 31/31 MP: 2/2
   895 | D:2      | Reached XP level 4. HP: 39/39 MP: 3/3
  1030 | D:2      | Noticed Terence
  1036 | D:2      | Killed Terence
  1050 | D:2      | Found a radiant altar of Vehumet.
  1051 | D:2      | Found a stormy altar of Qazlal.
  1056 | D:2      | Noticed an ogre
  1208 | D:2      | Found a transporter.
  1258 | D:2      | Found a transporter.
  1537 | D:2      | Found a runed door.
  1541 | D:2      | Noticed Crazy Yiuf
  1548 | D:2      | Killed Crazy Yiuf
  1548 | D:2      | Reached XP level 5. HP: 24/45 MP: 4/4
  1751 | D:2      | Killed an ogre
  1754 | D:2      | Reached XP level 6. HP: 30/51 MP: 5/5
  2009 | D:3      | Noticed Grinder
  2044 | D:3      | Killed Grinder
  2163 | D:3      | Found a bloodstained altar of Trog.
  2189 | D:3      | Noticed Robin
  2194 | D:3      | Reached XP level 7. HP: 56/57 MP: 6/6
  2205 | D:3      | Killed Robin
  2380 | D:3      | Found a glowing drain.
  2410 | D:3      | Reached *** piety under Trog
  2460 | Sewer    | Entered a sewer
  2501 | Sewer    | Reached skill level 10 in Maces & Flails
  2629 | D:3      | Noticed Sigmund
  2666 | D:3      | Killed Sigmund
  2976 | D:3      | Received a gift from Trog
  3510 | D:4      | Noticed Eustachio
  3522 | D:4      | Killed Eustachio
  3522 | D:4      | Reached XP level 8. HP: 64/64 MP: 7/7
  3768 | D:4      | Found a staircase to the Ecumenical Temple.
  3801 | D:4      | Noticed Blork the orc
  3806 | D:4      | Killed Blork the orc
  3832 | D:4      | Noticed kae's ghost (novice DrTm)
  3840 | D:4      | Killed kae's ghost
  4033 | D:4      | Found Ilyeteam's Gadget Emporium.
  4222 | D:5      | Entered Level 5 of the Dungeon
  4230 | D:5      | Reached **** piety under Trog
  4266 | D:5      | Reached XP level 9. HP: 44/70 MP: 8/8
  4378 | D:5      | Found a sand-covered staircase.
  4437 | Ossuary  | Entered an ossuary
  4921 | Ossuary  | Reached ***** piety under Trog
  5386 | D:6      | Reached skill level 5 in Fighting
  5498 | D:6      | Reached skill level 5 in Armour
  5650 | D:6      | Found an iron altar of Okawaru.
  5860 | D:6      | Found a glowing silver altar of Zin.
  5860 | D:6      | Found an opulent altar of Gozag.
  6042 | D:7      | Noticed Pikel
  6049 | D:7      | Reached skill level 5 in Dodging
  6054 | D:7      | Killed Pikel
  6054 | D:7      | Reached XP level 10. HP: 58/84 MP: 9/9
  6286 | D:7      | Found a shimmering altar of Xom.
  6428 | D:7      | Found a roughly hewn altar of Beogh.
  6759 | D:8      | Noticed Joseph
  6761 | D:8      | Noticed Gastronok
  6774 | D:8      | Killed Joseph
  6780 | D:8      | Killed Gastronok
  6787 | D:8      | Noticed a two-headed ogre
  6787 | D:8      | Killed a two-headed ogre
  7357 | D:8      | Reached XP level 11. HP: 43/96 MP: 10/10
  7578 | D:8      | Found a bloodstained altar of Trog.
  7967 | D:9      | Found a staircase to the Orcish Mines.
  8073 | D:9      | Found a sparkling altar of Nemelex Xobeh.
  8120 | D:9      | Noticed Psyche
  8131 | D:9      | Killed Psyche
  8818 | D:10     | Entered Level 10 of the Dungeon
  8865 | D:10     | Noticed a two-headed ogre
  8884 | D:10     | Killed a two-headed ogre
  8884 | D:10     | Reached skill level 10 in Fighting
  9305 | D:10     | Reached skill level 10 in Armour
  9378 | D:10     | Found a staircase to the Lair.
 10019 | D:10     | Noticed an ogre mage
 10024 | D:10     | Killed an ogre mage
 10036 | D:10     | Noticed a centaur warrior
 10038 | D:10     | Noticed a five-headed hydra
 10051 | D:10     | Killed a five-headed hydra
 10056 | D:10     | Killed a centaur warrior
 10056 | D:10     | Reached skill level 10 in Dodging
 10066 | D:10     | Noticed a sun demon
 10069 | D:10     | Noticed a centaur warrior
 10071 | D:10     | Received a gift from Trog
 10072 | D:10     | Killed a centaur warrior
 10083 | D:10     | Got a fine dire flail {god gift}
 10146 | D:10     | Noticed a tengu warrior
 10169 | D:10     | Killed a tengu warrior
 10169 | D:10     | Reached XP level 12. HP: 74/110 MP: 6/11
 10182 | D:10     | Got a coiled ivory ring
 10292 | D:10     | Identified the +8 dire flail of Midwinter {vamp, MR+ Int+4} (Trog gifted it to you on level 10 of the Dungeon)
 10299 | D:10     | Identified the ring of Irphaec {Int+5 Dex+4} (You took it off a tengu warrior on level 10 of the Dungeon)
 10362 | D:10     | Reached skill level 15 in Maces & Flails
 10384 | D:10     | Found the amulet of the Air {Inacc +Fly rElec EV+5 RMsl}
 10859 | D:11     | Noticed a two-headed ogre
 10866 | D:11     | Killed a two-headed ogre
 10894 | D:11     | Noticed a two-headed ogre
 10907 | D:11     | Killed a two-headed ogre
 11421 | D:12     | Noticed a two-headed ogre
 11421 | D:12     | Noticed a two-headed ogre
 11438 | D:12     | Killed a two-headed ogre
 11448 | D:12     | Killed a two-headed ogre
 11615 | D:12     | Got a vibrating bone ring
 11659 | D:12     | Identified the ring of Fumeriant {rN+ Str+3} (You found it on level 12 of the Dungeon)
 11719 | D:12     | Received a gift from Trog
 11963 | D:13     | Noticed Laiders's ghost (journeyman MiBe)
 11981 | D:13     | Killed Laiders's ghost
 11981 | D:13     | Reached XP level 13. HP: 106/125 MP: 12/12
 12240 | D:13     | Reached skill level 15 in Fighting
 12249 | D:13     | Got a shimmering chain mail
 12261 | D:13     | Identified the +1 chain mail of Negation {+Fly MR- Int+4} (You found it on level 13 of the Dungeon)
 13134 | D:13     | You fall through a shaft for 2 floors!
 13134 | D:15     | Entered Level 15 of the Dungeon
 13308 | D:15     | Reached skill level 1 in Evocations
 13360 | D:15     | Found a shadowy altar of Dithmenos.
 13371 | D:15     | Found Lumyiz's Magic Scroll Boutique.
 13637 | D:15     | Bought a scroll of summoning for 104 gold pieces
 13637 | D:15     | Bought a scroll of blinking for 82 gold pieces
 13945 | D:15     | Found a staircase to the Depths.
 14888 | D:14     | Found Igosem's Antique Weapon Shop.
 15305 | Lair:1   | Entered Level 1 of the Lair of Beasts
 15399 | Lair:1   | Noticed Nergalle
 15415 | Lair:1   | Killed Nergalle
 15455 | Lair:1   | Reached XP level 14. HP: 117/137 MP: 16/16
 15809 | Lair:1   | Reached skill level 5 in Evocations
 16857 | Lair:2   | Noticed Erica
 16867 | Lair:2   | Killed Erica
 17346 | Lair:2   | Identified a scroll of acquirement
 17348 | Lair:2   | Found the +0 pair of fencer's gloves {+Riposte Dex+3}
 17391 | Lair:3   | Found a staircase to the Shoals.
 18716 | Lair:4   | Found a frozen archway.
 18794 | Lair:4   | Found a hole to the Spider Nest.
 19220 | Lair:5   | Noticed Snorg
 19238 | Lair:5   | Killed Snorg
 19522 | Lair:5   | Found a staircase to the Slime Pits.
 19959 | Lair:6   | Entered Level 6 of the Lair of Beasts
 19968 | Lair:6   | Received a gift from Trog
 20325 | Lair:6   | Reached XP level 15. HP: 54/144 MP: 19/19
 21403 | Spider:1 | Entered Level 1 of the Spider Nest
 21431 | Spider:1 | Noticed Soeti's ghost (journeyman DsMo)
 21448 | Spider:1 | Killed Soeti's ghost
 21798 | Spider:1 | Got an ancient copper ring
 21801 | Spider:1 | Identified the cursed ring of the Circus Animal {MR+++ Int+3 Dex-2 Stlth-} (You found it on level 1 of the Spider Nest)
 21964 | Spider:1 | Received a gift from Trog
 22688 | Spider:1 | Noticed Aizul
 22706 | Spider:1 | Killed Aizul
 22959 | Spider:2 | Reached skill level 15 in Armour
 23243 | Spider:2 | Noticed Arachne
 23261 | Spider:2 | Killed Arachne
 23815 | Spider:2 | Reached XP level 16. HP: 137/151 MP: 22/22
 23844 | Spider:2 | Reached skill level 10 in Evocations
 24306 | Spider:3 | Reached skill level 15 in Dodging
 24632 | Spider:3 | HP: 4/151 [ogre/giant spiked club[the player character] (47)]
 24635 | Spider:3 | Mangled by an entropy weaver

Vault maps used:
D:1:      nzn_arrival_water_spiral, minmay_misc_feat_iff
D:2:      gammafunk_temple_overflow_arena, serial_park_tiny_2,
          uniq_crazy_yiuf_cottage, uniq_terence
D:3:      gup_sewer_entry_glass, trog_three_pillars_becter, uniq_robin,
          uniq_sigmund, uniq_grinder
D:4:      minmay_temple_entry_from_below_b, serial_shops, shop,
          uniq_blork_the_orc, uniq_eustachio
D:5:      lightli_ossuary_entry_decrepit_ruins, first_bread
D:6:      grunt_temple_overflow_gold_and_silver, lemuel_round_altar
D:7:      basic_altar, grunt_livestock, david_defended_altar_orc, uniq_pikel
D:8:      bloody_trog, uniq_gastronok, uniq_joseph
D:9:      kennysheep_little_box, orc_0_dummy, uniq_psyche
D:10:     minmay_the_grid_triangle_9x9_rhombus_full, lair_entry_dummy,
          kennysheep_boxes
D:12:     serial_glass, glass_columns_a, glass_columns_a
D:13:     david_vaults_5, spider_trap
D:14:     serial_shops, shop, serial_bayou_pond_a, spider_trap,
          lemuel_freeze_loot_1
D:15:     grunt_enter_depths_snipers, minmay_tree_intersection, serial_shops,
          shop, nicolae_dithmenos_shadow_blocks
Lair:1:   grunt_megastairs_4, uniq_nergalle
Lair:2:   minmay_lindwurm_lava, grunt_megastairs_5, uniq_erica
Lair:3:   shoals_dummy_entry, minmay_lair_oklob_bushes, beast_lair_carwin_5
Lair:4:   spider_nest_entry_a, portal_ice_cave_entry_pillars_1
Lair:5:   minmay_slime_entry_oklob_open, uniq_snorg
Lair:6:   minmay_lair_end_enchanted_forest, lemuel_fruit_tree
Spider:1: uniq_aizul
Spider:2: uniq_arachne
Sewer:    sewer_big_baddie
Ossuary:  ossuary_zaba_flooded

Skill      XL: |  1  2  3  4  5  6  7  8  9 10 11 12 13 14 15 16 |
---------------+-------------------------------------------------+-----
Maces & Flails | 4 5 6 7 8 9 11 13 14 16 | 16.0
Fighting       | 6 9 11 14 16 | 16.0
Armour         | 6 8 10 11 13 15 | 15.8
Dodging        | 5 8 10 11 13 14 15 | 15.1
Evocations     | 4 7 9 10 | 10.0

Action                   |  1- 3 |  4- 6 |  7- 9 | 10-12 | 13-15 | 16-18 || total
-------------------------+-------+-------+-------+-------+-------+-------++-------
Melee: Mace              |    57 |       |       |       |       |       ||    57
       Headbutt          |     6 |    19 |    78 |   121 |   280 |    21 ||   525
       Flail             |     5 |    92 |   375 |   123 |       |       ||   595
       Morningstar       |       |       |       |   221 |       |       ||   221
       Dire flail        |       |       |       |   214 |  1036 |    64 ||  1314
Invok: Berserk           |     1 |     2 |     8 |    12 |    10 |     1 ||    34
       Trog's Hand       |     1 |     2 |     8 |    11 |    15 |     1 ||    38
       Burn Spellbooks   |       |       |     2 |     1 |     5 |       ||     8
       Brothers in Arms  |       |       |       |     5 |    12 |     1 ||    18
 Abil: Evoke Flight      |       |       |       |       |     2 |       ||     2
Evoke: Wand              |       |       |       |       |    20 |    10 ||    30
       Box of beasts     |       |       |       |       |     1 |       ||     1
       Lamp of fire      |       |       |       |       |     1 |       ||     1
  Use: Scroll            |       |     2 |    11 |     7 |    21 |     3 ||    44
       Potion            |       |       |       |     2 |       |     3 ||     5
 Stab: Distracted        |       |       |       |     1 |       |       ||     1
       Paralysed         |       |       |       |       |     9 |     2 ||    11
  Eat: Chunk             |       |     8 |    19 |    34 |    45 |     3 ||   109
       Fruit             |       |       |     3 |       |     5 |       ||     8
       Royal jelly       |       |       |       |     2 |     2 |     1 ||     5
       Meat ration       |       |       |       |     1 |       |       ||     1
       Bread ration      |       |       |       |       |     1 |       ||     1
Armor: Animal skin       |    11 |       |       |       |       |       ||    11
       Scale mail        |    14 |    33 |   172 |   202 |   375 |    41 ||   837
Dodge: Dodged            |    56 |    47 |   215 |   438 |  1303 |   162 ||  2221
       Deflected         |       |       |       |     5 |    13 |       ||    18
Block: Other             |       |     2 |    15 |     1 |       |       ||    18
       Rpst.: Dire flail |       |       |       |       |   187 |    27 ||   214

Table legend:
 A = Spawn XP
 B = Non-spawn XP
 C = Spawn XP percentage of total XP
 D = Spawn monster count
 E = Non-spawn monster count
 F = Spawn count percentage of total count
 G = Total turns spent on level
                    A         B        C        D         E        F      G
               +---------+---------+-------+---------+---------+-------+---------
         Total |       0 |  163502 |   0.0 |       0 |     813 |   0.0 | 24635
               +---------+---------+-------+---------+---------+-------+---------
           D:1 |       0 |      49 |   0.0 |       0 |      26 |   0.0 |   860
           D:2 |       0 |     338 |   0.0 |       0 |      26 |   0.0 |  1102
           D:3 |       0 |     813 |   0.0 |       0 |      49 |   0.0 |  1104
           D:4 |       0 |    1055 |   0.0 |       0 |      24 |   0.0 |  1067
           D:5 |       0 |     602 |   0.0 |       0 |      18 |   0.0 |   434
           D:6 |       0 |     651 |   0.0 |       0 |      11 |   0.0 |   755
           D:7 |       0 |    2580 |   0.0 |       0 |      23 |   0.0 |   748
           D:8 |       0 |    4101 |   0.0 |       0 |      37 |   0.0 |  1108
           D:9 |       0 |    1716 |   0.0 |       0 |      21 |   0.0 |   951
          D:10 |       0 |   10915 |   0.0 |       0 |      55 |   0.0 |  1947
          D:11 |       0 |    6013 |   0.0 |       0 |      37 |   0.0 |   700
          D:12 |       0 |    6805 |   0.0 |       0 |      34 |   0.0 |   536
          D:13 |       0 |    8415 |   0.0 |       0 |      29 |   0.0 |  1232
          D:14 |       0 |    5024 |   0.0 |       0 |      13 |   0.0 |   774
          D:15 |       0 |   10707 |   0.0 |       0 |      30 |   0.0 |  1298
        Lair:1 |       0 |    8911 |   0.0 |       0 |      36 |   0.0 |   971
        Lair:2 |       0 |    7710 |   0.0 |       0 |      24 |   0.0 |  1115
        Lair:3 |       0 |    2200 |   0.0 |       0 |       8 |   0.0 |   962
        Lair:4 |       0 |    7800 |   0.0 |       0 |      30 |   0.0 |   849
        Lair:5 |       0 |    5820 |   0.0 |       0 |      21 |   0.0 |   833
        Lair:6 |       0 |   23200 |   0.0 |       0 |      99 |   0.0 |  1368
      Spider:1 |       0 |   22066 |   0.0 |       0 |      57 |   0.0 |  1531
      Spider:2 |       0 |   15787 |   0.0 |       0 |      39 |   0.0 |  1297
      Spider:3 |       0 |    9218 |   0.0 |       0 |      22 |   0.0 |   404
         Sewer |       0 |     112 |   0.0 |       0 |       6 |   0.0 |    89
       Ossuary |       0 |     894 |   0.0 |       0 |      38 |   0.0 |   600
               +---------+---------+-------+---------+---------+-------+---------
